 Dungeon Crawl Stone Soup version 0.24.1-8-ga250c9d538 (webtiles) character file.

Game seed: 11433845919774814620, levelgen mode: deterministic

298180 Napalmbreeze the Warrior (level 20, -16/221 HPs)
             Began as a Troll Hunter on May 1, 2020.
             Was the Champion of Makhleb.
             Killed from afar by Margery (70 damage)
             ... with a bolt of fire
             ... on level 2 of the Vaults.
             The game lasted 01:51:35 (39020 turns).

Napalmbreeze the Warrior (Troll Hunter)            Turns: 39020, Time: 01:51:35

Health: -16/221    AC: 21    Str: 31    XL:     20   Next: 12%
Magic:  30/30      EV: 12    Int:  6    God:    Makhleb [******]
Gold:   3761       SH: 24    Dex: 10    Spells: 19/19 levels left

rFire    . . .     SeeInvis +     - Unarmed
rCold    + . .     Gourm    +   E - +0 large shield
rNeg     . . .     Faith    .   L - +3 storm dragon scales of Debaomos {+Inv rElec}
rPois    +         Spirit   .   c - +2 hat {SInv}
rElec    +         Reflect  .   S - scarf {repulsion}
rCorr    .         Harm     .   (gloves unavailable)
MR       +++..     Rnd*Rage +   (boots unavailable)
Stlth    ..........             F - necklace of Bloodlust {*Rage +Rage MR++ Int-3 Slay+6 *Curse}
HPRegen  0.86/turn              k - +5 ring of evasion
MPRegen  0.22/turn              A - ring of protection from cold

@: repel missiles
A: large, unfitting armour, claws 3, large bone plates 1, clever 1, fast
metabolism 3, gourmand, poison resistance, regeneration 1, shaggy fur 1, tough
skin 3
}: 2/15 runes: serpentine, barnacled
a: Minor Destruction, Lesser Servant of Makhleb, Major Destruction, Greater
Servant of Makhleb, Renounce Religion, Evoke Berserk Rage, Evoke Invisibility


You were on level 2 of the Vaults.
You worshipped Makhleb.
Makhleb was exalted by your worship.
You were completely stuffed.

You visited 7 branches of the dungeon, and saw 34 of its levels.
You also visited: Sewer, Gauntlet, Ice Cave and Volcano.

You collected 4132 gold pieces.
You spent 371 gold pieces at shops.

Inventory:

Missiles
 d - 9 throwing nets
 H - 37 large rocks (quivered)
 I - 89 poisoned darts
 U - 13 curare-tipped darts
Armour
 c - a +2 hat of see invisible (worn)
 E - a +0 large shield (worn)
 K - the +0 robe of the Alphagorgon {rF+ rC+ MR+}
   (You found it on level 10 of the Dungeon)

   It protects you from fire.
   It protects you from cold.
   It affects your resistance to hostile enchantments.
 L - the +3 storm dragon scales of Debaomos (worn) {+Inv rElec}
   (You acquired it on level 15 of the Dungeon)

   It insulates you from electricity.
   It lets you turn invisible.
 Q - a +1 hat of magic resistance
 S - a scarf of repulsion (worn)
Jewellery
 b - an uncursed ring of protection from magic
 k - a +5 ring of evasion (left claw)
 A - a ring of protection from cold (right claw)
 F - the necklace of Bloodlust (around neck) {*Rage +Rage MR++ Int-3 Slay+6 *Curse}
   (You took it off an orc priest on level 6 of the Dungeon)

   [amulet of rage]

   It affects your intelligence (-3).
   It affects your accuracy and damage with ranged weapons and melee attacks
   (+6).
   It affects your resistance to hostile enchantments.
   It lets you go berserk.
   It may make you go berserk in combat.
   It curses itself when equipped.
 J - an uncursed amulet of guardian spirit {unknown}
Wands
 s - a wand of digging (10)
 D - a wand of acid (12)
 R - a wand of iceblast (21)
Scrolls
 a - 3 scrolls of brand weapon {unknown}
 e - a scroll of holy word {unknown}
 g - 2 scrolls of amnesia {unknown}
 m - 15 scrolls of teleportation
 p - 5 scrolls of fog
 r - 22 scrolls of remove curse
 t - 9 scrolls of blinking
 x - 2 scrolls of magic mapping
 y - 3 scrolls of fear
 O - 2 scrolls of silence
Potions
 h - 4 potions of lignification
 i - 16 potions of curing
 n - 5 potions of brilliance
 o - 5 potions of might
 u - 5 potions of agility
 v - 3 potions of berserk rage {unknown}
 z - 5 potions of heal wounds
 B - 2 potions of magic {unknown}
 C - 5 potions of haste
 G - 2 potions of cancellation
 M - 4 potions of flight
 V - 3 potions of resistance
 X - a potion of invisibility {unknown}
Miscellaneous
 q - 3 phantom mirrors
Comestibles
 f - 69 rations
 j - 3 chunks of flesh


   Skills:
 + Level 18.0 Fighting
 + Level 10.0 Throwing
 * Level 6.0 Armour
 - Level 5.0 Dodging
 - Level 0.3 Stealth
 - Level 12.0 Shields
 + Level 16.0 Unarmed Combat
 - Level 15.0 Invocations


You had 19 spell levels left.
You didn't know any spells.
Your spell library contained the following spells:

 Spells                   Type           Power        Failure   Level  Hunger
 Beastly Appendage        Tmut           #.....       99%         1    ##.....
 Corona                   Hex            #......      99%         1    ##.....
 Shock                    Conj/Air       #...         99%         1    ##.....
 Ensorcelled Hibernation  Hex/Ice        #.....       99%         2    ###....
 Passwall                 Tmut/Erth      #.......     99%         2    ###....
 Poisonous Vapours        Pois/Air       #.....       99%         2    ###....
 Sticks to Snakes         Tmut           #.......     99%         2    ###....
 Swiftness                Chrm/Air       #.......     99%         2    ###....
 Confuse                  Hex            #.......     100%        3    ####...
 Conjure Flame            Conj/Fire      #.......     100%        3    ####...
 Dazzling Spray           Conj/Hex       #.....       100%        3    ####...
 Ignite Poison            Fire/Tmut/Pois #.......     100%        3    ####...
 Mephitic Cloud           Conj/Pois/Air  #.......     100%        3    ####...
 Spider Form              Tmut/Pois      #.........   100%        3    ####...
 Static Discharge         Conj/Air       #.......     100%        3    ####...
 Tukima's Dance           Hex            #.......     100%        3    ####...
 Airstrike                Air            #.........   100%        4    #####..
 Ice Form                 Ice/Tmut       #.......     100%        4    #####..
 Passage of Golubria      Tloc           N/A          100%        4    #####..
 Blade Hands              Tmut           #.........   100%        5    ######.
 Bolt of Magma            Conj/Fire/Erth #.........   100%        5    ######.
 Fireball                 Conj/Fire      #.........   100%        5    ######.
 Iskenderun's Battlesphe  Conj/Chrm      #.......     100%        5    ######.
 Lee's Rapid Deconstruct  Erth           #.........   100%        5    ######.
 Lightning Bolt           Conj/Air       #.........   100%        5    ######.
 Venom Bolt               Conj/Pois      #.........   100%        5    ######.
 Bolt of Fire             Conj/Fire      #.........   100%        6    #######
 Darkness                 Hex            #.........   100%        6    #######
 Freezing Cloud           Conj/Ice/Air   #.........   100%        6    #######
 Invisibility             Hex            #.......     100%        6    #######
 Iron Shot                Conj/Erth      #.........   100%        6    #######
 Orb of Destruction       Conj           #.........   100%        7    #######
 Ring of Flames           Chrm/Fire      #.........   100%        7    #######
 Spellforged Servitor     Conj/Summ      #.........   100%        7    #######
 Ignition                 Fire           #.........   100%        8    #######
 Shatter                  Erth           #.........   100%        9    #######
 Tornado                  Air            #.........   100%        9    #######


Dungeon Overview and Level Annotations

Branches:
Dungeon (15/15)            Temple (1/1) D:4            Lair (6/6) D:8
 Shoals (4/4) Lair:3        Snake (4/4) Lair:4        Slime (0/5) Lair:5
    Orc (2/2) D:11            Elf (0/3) Orc:2        Vaults (2/5) D:13
 Depths (0/5) D:15          Sewer (visited)           IceCv (visited)
Volcano (visited)         Gauntlet (visited)
  Crypt: Vaults:2-3

Altars:
Ashenzari
Cheibriados
Dithmenos
Elyvilon
Fedhas
Gozag
Hepliaklqana
Kikubaaqudgha
Makhleb
Nemelex Xobeh
Okawaru
Qazlal
Ru
Sif Muna
Trog
Uskayaw
Vehumet
Wu Jian
Xom
Yredelemnul
Zin
The Shining One
Beogh
Jiyva

Shops:
D:4 (   D:5 !%(   D:11 (   D:12 *   Orc:1 [   Orc:2 *}}%   Shoals:2 %
Shoals:3 *   Shoals:4 *   Snake:2 (

Portals:
Trove: D:12 (give +7 demon whip)

Annotations:
Lair:5 1 runed translucent door
Vaults:2 Margery


Innate Abilities, Weirdness & Mutations

You are too large for most types of armour.
You have claws for hands.
Your metabolism is lightning-fast.
You like to eat raw meat.
Your natural rate of healing is unusually fast.
You are covered in fur. (AC +1)
You have extremely tough skin. (AC +3)
You are partially covered in large bone plates. (SH +4)
Your mind is acute. (Int +2)
Your system is resistant to poisons. (rPois)


Message History

You hear a shout!
You block Margery's attack.
Unknown command.
Your shield and storm dragon scales of Debaomos prevent you from hitting Margery.
Margery is heavily wounded.
You block the necromancer's attack.
Unknown command.
You mangle Margery!!
Margery is severely wounded.
Margery's eyes start to glow with a green light.
Margery casts a spell at you. The bolt of fire hits you!!!
* * * LOW HITPOINT WARNING * * *
The necromancer gestures wildly while chanting.
The necromancer binds the souls of nearby monsters.
Unknown command.
You feel much better.
Margery points at you and mumbles some strange words.
The bolt of fire hits you!!!
You die...

####### ##....##
#......# #......#
########'###
.......))..#
...#...#...# #.
#...#...# #
#.###...###.# ..
#..........@# p..
#.........p@# @...
+..........p#
..s..
.###...###.#......
#...#...'....p.
...#...#...#......
#...........#
#####
#############


You could see Margery, a hell knight and a necromancer.

Vanquished Creatures
  Bai Suzhen (Snake:3)
  Nikola (Snake:1)
  A lich (Vaults:1)
  Polyphemus (Shoals:3)
  Gastronok (Lair:1)
  2 sphinxes
  2 storm dragons (D:14)
  Kirke (Shoals:2)
  2 tengu reavers
  6 nagarajas
  Aizul (Snake:2)
  4 vault wardens
  A reaper (IceCv)
  6 ironheart preservers
  Nessos (D:15)
  2 entropy weavers
  Azrael (D:13)
  A dire elephant (Gauntlet)
  A deep elf annihilator (Vaults:1)
  Snorg (Lair:5)
  An ettin (Vaults:2)
  A deep elf death mage (Vaults:2)
  A minotaur (Gauntlet)
  4 merfolk javelineers
  10 merfolk impalers
  3 fire dragons
  Erolcha (D:13)
  4 yaktaur captains
  A rakshasa (Vaults:2)
  2 great orbs of eyes (Vaults:2)
  10 hydras
  2 ice dragons
  19 naga warriors
  2 catoblepae
  The ghost of Alanuph the Martial Artist, a journeyman MfTm of Okawaru (Orc:1)
  A death knight (D:15)
  3 merfolk aquamancers
  3 satyrs (Shoals:2)
  A queen ant (D:8)
  24 two-headed ogres
  5 merfolk avatars
  12 anacondas
  6 centaur warriors
  2 death yaks (Shoals:3)
  A deep troll shaman (Vaults:2)
  A tengu warrior (D:14)
  A deep troll earth mage (Vaults:2)
  10 ogre magi
  2 orc high priests
  13 naga sharpshooters
  7 shock serpents
  Sonja (Lair:1)
  5 deep elf knights
  A skeletal warrior (D:13)
  2 unseen horrors
  A deep troll (Vaults:2)
  A glowing orange brain (Vaults:2)
  A kraken simulacrum (Shoals:4)
  2 phantasmal warriors (D:15)
  2 wizards
  19 sea snakes
  A deep elf archer (Vaults:2)
  7 ironbrand convokers
  3 lindwurms
  6 naga ritualists
  A necromancer (Gauntlet)
  18 harpies
  14 deep elf magi
  9 mana vipers
  7 orc knights
  3 oklob plants (Lair:3)
  A wolf spider zombie (D:13)
  3 wolf spiders
  11 fauns
  9 ugly things
  An orc sorcerer (Vaults:2)
  15 manticores
  7 salamanders
  12 merfolk sirens
  9 cyclopes
  14 elephants
  39 black mambas
  4 centaur zombies
  A moth of wrath (Orc:1)
  5 water nymphs
  2 ice statues (IceCv)
  3 molten gargoyles (Volcano)
  2 vault sentinels
  3 guardian serpents
  17 naga magi
  6 centaur skeletons
  19 spiny frogs
  5 torpor snails
  3 gargoyles
  8 rime drakes
  9 komodo dragons
  6 yaktaurs (Vaults:2)
  9 ice devils (IceCv)
  3 freezing wraiths
  A kobold demonologist (D:13)
  A komodo dragon (shapeshifter) (Vaults:2)
  A queen bee (shapeshifter) (D:15)
  3 efreet (Volcano)
  A tengu conjurer (D:15)
  7 trolls
  2 polar bears
  29 merfolk
  Grinder (D:5)
  9 hornets
  12 blink frogs
  A hornet (shapeshifter) (Vaults:2)
  7 slime creatures
  3 wind drakes
  3 tyrant leeches (Lair:6)
  Prince Ribbit (D:6)
  13 dream sheep
  13 snapping turtles
  21 hippogriffs
  5 redbacks
  A vampire (D:14)
  15 wyverns
  A shadow (D:15)
  3 hogs (Shoals:2)
  41 yaks
  6 water elementals
  3 fire elementals
  A tarantella (shapeshifter) (Vaults:1)
  7 wraiths
  4 basilisks (Lair:6)
  2 hungry ghosts
  14 wargs
  Menkaure (D:7)
  9 vampire mosquitoes
  An acid dragon (D:14)
  62 nagas
  20 soldier ants (D:8)
  24 water moccasins
  6 hell hounds (D:13)
  6 porcupines
  5 ice beasts
  21 orc warriors
  4 sky beasts
  2 eyes of draining
  A black bear (Lair:1)
  3 phantoms
  3 necrophages
  4 boggarts (Vaults:1)
  48 ogres
  12 wolves
  10 centaurs
  7 crocodiles
  5 big kobolds
  21 bullfrogs
  5 gnoll sergeants (D:11)
  3 earth elementals (Volcano)
  A wyvern skeleton (D:6)
  A water moccasin skeleton (D:10)
  3 scorpions
  6 killer bees (D:10)
  3 wights (D:10)
  A human simulacrum (Vaults:2)
  9 howler monkeys
  11 crimson imps
  2 quasits
  6 hounds
  2 bullfrog zombies
  6 orc priests
  5 bullfrog skeletons
  5 jellies
  12 human skeletons (Vaults:1)
  5 iguanas
  16 orc wizards
  30 worker ants
  A hound zombie (D:9)
  A hound skeleton (D:4)
  A howler monkey zombie (D:8)
  A worker ant zombie (D:11)
  A howler monkey skeleton (D:5)
  10 gnolls
  20 adders
  6 shadow imps
  22 white imps
  4 ufetubi (IceCv)
  An ooze (D:6)
  5 worms
  2 dart slugs
  3 leopard geckos
  74 orcs
  4 bats
  9 giant cockroaches
  9 goblins
  10 hobgoblins
  3 jackals
  5 kobolds
  8 quokkas
  5 ball pythons
  16 frilled lizards
  A leopard gecko skeleton (D:5)
  2 quokka skeletons (D:4)
  7 rats
  2 fire vortices (Volcano)
  A fungus (Lair:2)
  A plant (Lair:6)
1395 creatures vanquished.

Vanquished Creatures (collateral kills)
  Rupert (D:13)
  An elephant (Lair:5)
  A torpor snail (Lair:6)
  A tyrant leech (Lair:6)
  A hornet (Lair:6)
  2 nagas (Snake:4)
  A centaur (D:13)
  A kobold (D:13)
  2 fungi (Lair:5)
11 creatures vanquished.

Vanquished Creatures (others)
  A naga warrior (Snake:4)
  2 humans (Shoals:2)
  An adder (D:5)
  5 white imps (IceCv)
  2 ufetubi (IceCv)
  2 bushes (Lair:6)
  A fire vortex (Volcano)
  23 fungi
  47 plants
  8 tentacles (Shoals:4)
92 creatures vanquished.

Grand Total: 1498 creatures vanquished

Notes
Turn   | Place    | Note
-------+----------+-------------------------------------------
     0 | D:1      | Napalmbreeze the Troll Hunter began the quest for the Orb.
     0 | D:1      | Reached XP level 1. HP: 19/19 MP: 0/0
   395 | D:2      | Reached XP level 2. HP: 28/28 MP: 1/1
   493 | D:2      | Reached skill level 2 in Fighting
   522 | D:2      | Reached skill level 1 in Unarmed Combat
   522 | D:2      | Reached XP level 3. HP: 35/35 MP: 2/2
   833 | D:2      | Reached XP level 4. HP: 44/44 MP: 3/3
  1528 | D:3      | Reached skill level 3 in Fighting
  1641 | D:3      | Found a burning altar of Makhleb.
  2018 | D:4      | Found a staircase to the Ecumenical Temple.
  2020 | D:4      | Found Buimaf's Weapon Emporium.
  2087 | D:4      | Reached XP level 5. HP: 48/53 MP: 4/4
  2167 | Temple   | Entered the Ecumenical Temple
  2467 | D:4      | Reached XP level 6. HP: 57/61 MP: 5/5
  2507 | D:3      | Became a worshipper of Makhleb the Destroyer
  2771 | D:4      | Found an iron altar of Okawaru.
  3108 | D:5      | Entered Level 5 of the Dungeon
  3138 | D:5      | Found a snail-covered altar of Cheibriados.
  3155 | D:5      | Found Meurrosk's Distillery.
  3164 | D:5      | Bought a potion of degeneration for 13 gold pieces
  3164 | D:5      | Bought a potion of curing for 39 gold pieces
  3194 | D:5      | Found a glowing drain.
  3218 | Sewer    | Entered a sewer
  3246 | Sewer    | Reached skill level 1 in Invocations
  3271 | Sewer    | Reached * piety under Makhleb
  3579 | D:5      | Noticed an ice beast
  3585 | D:5      | Killed an ice beast
  3585 | D:5      | Reached XP level 7. HP: 56/68 MP: 5/7
  3595 | D:5      | Found Lyixuo's Antique Weapon Shoppe.
  3615 | D:5      | Reached skill level 4 in Fighting
  3696 | D:5      | Found a shadowy altar of Dithmenos.
  3707 | D:5      | Found Peal's Food Shoppe.
  3806 | D:5      | Reached skill level 5 in Unarmed Combat
  3853 | D:5      | Noticed Grinder
  3865 | D:5      | Killed Grinder
  4003 | D:5      | Found a shimmering altar of Xom.
  4005 | D:5      | Reached XP level 8. HP: 79/79 MP: 9/9
  4010 | D:5      | Reached skill level 5 in Fighting
  4095 | D:5      | Found a white marble altar of Elyvilon.
  4450 | D:6      | Reached ** piety under Makhleb
  4466 | D:6      | Reached skill level 5 in Invocations
  4788 | D:6      | Noticed Prince Ribbit
  4795 | D:6      | Killed Prince Ribbit
  5196 | D:6      | Reached XP level 9. HP: 85/89 MP: 12/12
  5279 | D:6      | Reached skill level 6 in Fighting
  5312 | D:6      | HP: 3/89 [something (4)]
  5313 | D:6      | HP: 1/89 [wraith (8)]
  5545 | D:7      | Got a heavily jewelled robe
  5556 | D:7      | Identified the +3 robe of the Vestibule of Hell {Regen+
                  | Int+6} (You found it on level 7 of the Dungeon)
  5562 | D:7      | Noticed Menkaure
  5565 | D:7      | Killed Menkaure
  5708 | D:7      | Found a bloodstained altar of Trog.
  5773 | D:7      | Reached *** piety under Makhleb
  6095 | D:7      | Found a shimmering blue altar of Sif Muna.
  6674 | D:8      | Got an ominously black robe
  6685 | D:8      | Identified the +0 robe "Ykhec" {Dex+4} (You found it on
                  | level 8 of the Dungeon)
  6699 | D:8      | Noticed a two-headed ogre
  6707 | D:8      | Killed a two-headed ogre
  6707 | D:8      | Reached skill level 7 in Fighting
  6707 | D:8      | Reached XP level 10. HP: 46/102 MP: 14/14
  6844 | D:8      | Found a staircase to the Lair.
  6863 | D:8      | Found a hazy altar of Hepliaklqana.
  6915 | D:8      | Found an ornate altar of the Wu Jian Council.
  7038 | D:8      | Noticed a queen ant
  7042 | D:8      | Reached skill level 8 in Fighting
  7051 | D:8      | Killed a queen ant
  7054 | D:8      | Reached skill level 9 in Fighting
  7083 | D:8      | Reached **** piety under Makhleb
  7152 | D:8      | Reached skill level 10 in Fighting
  7162 | D:8      | Reached XP level 11. HP: 117/117 MP: 16/16
  7381 | D:9      | Found a shimmering blue altar of Sif Muna.
  7381 | D:9      | Found a shimmering altar of Xom.
  7382 | D:9      | Found a basalt altar of Yredelemnul.
  7698 | D:9      | Found a glowing silver altar of Zin.
  7739 | D:9      | Reached ***** piety under Makhleb
  7760 | D:9      | Reached skill level 5 in Throwing
  7785 | D:9      | Noticed an orc knight
  7799 | D:9      | Killed an orc knight
  8160 | D:10     | Entered Level 10 of the Dungeon
  8286 | D:10     | Got a distressingly furry robe
  8297 | D:10     | Identified the +0 robe of the Alphagorgon {rF+ rC+ MR+}
                  | (You found it on level 10 of the Dungeon)
  8328 | D:10     | Noticed a brown ugly thing
  8339 | D:10     | Killed a brown ugly thing
  9035 | D:11     | Noticed a deep elf mage
  9054 | D:11     | Killed a deep elf mage
  9200 | D:11     | Found Hoisyade's Antique Weapon Shoppe.
  9366 | D:11     | Noticed a two-headed ogre
  9374 | D:11     | Killed a two-headed ogre
  9374 | D:11     | Reached skill level 11 in Fighting
  9374 | D:11     | Reached skill level 10 in Unarmed Combat
  9562 | D:11     | Reached XP level 12. HP: 100/130 MP: 17/17
  9657 | D:11     | Found a staircase to the Orcish Mines.
  9966 | Lair:1   | Entered Level 1 of the Lair of Beasts
 10140 | Lair:1   | Reached skill level 1 in Shields
 10284 | Lair:1   | Noticed Sonja
 10308 | Lair:1   | Killed Sonja
 10700 | Lair:1   | Noticed Gastronok
 10725 | Lair:1   | Killed Gastronok
 10932 | Lair:2   | Found a gate leading to a gauntlet.
 11030 | Gauntlet | Entered a Gauntlet
 11030 | Gauntlet | Found a transporter.
 11045 | Gauntlet | Found a transporter.
 11060 | Gauntlet | Found a transporter.
 11065 | Gauntlet | Found a transporter.
 11079 | Gauntlet | Noticed a dire elephant
 11080 | Gauntlet | Found a transporter.
 11099 | Gauntlet | Noticed a hell beast
 11099 | Gauntlet | Found a transporter.
 11111 | Gauntlet | Found a transporter.
 11117 | Gauntlet | Found a transporter.
 11129 | Gauntlet | Noticed a death yak
 11129 | Gauntlet | Noticed a death yak
 11130 | Gauntlet | Noticed a death yak
 11132 | Gauntlet | Found a transporter.
 11132 | Gauntlet | Noticed a death yak
 11145 | Gauntlet | Found a transporter.
 11145 | Gauntlet | Noticed a balrug
 11153 | Gauntlet | Noticed a death yak
 11153 | Gauntlet | Noticed a death yak
 11153 | Gauntlet | Noticed a death yak
 11153 | Gauntlet | Noticed a death yak
 11160 | Gauntlet | Found a transporter.
 11174 | Gauntlet | Found a transporter.
 11192 | Gauntlet | Found a transporter.
 11194 | Gauntlet | Found a transporter.
 11219 | Gauntlet | Found a transporter.
 11239 | Gauntlet | Found a transporter.
 11329 | Gauntlet | Found a transporter.
 11351 | Gauntlet | Found a transporter.
 11568 | Gauntlet | Killed a dire elephant
 11579 | Gauntlet | Got a crude crystal amulet
 11586 | Gauntlet | Identified the amulet "Ran Lyd" {Acrobat Int+8 Dex+3} (You
                  | found it in a Gauntlet)
 11690 | Gauntlet | Noticed a minotaur
 11703 | Gauntlet | Killed a minotaur
 11703 | Gauntlet | Reached ****** piety under Makhleb
 11753 | Lair:2   | Noticed a six-headed hydra
 11762 | Lair:2   | Killed a six-headed hydra
 11762 | Lair:2   | Reached XP level 13. HP: 139/139 MP: 18/18
 11903 | Lair:2   | Reached skill level 12 in Fighting
 12867 | Lair:3   | Found a staircase to the Shoals.
 12949 | Lair:3   | Reached skill level 5 in Shields
 13999 | Lair:4   | Found a frozen archway.
 14067 | IceCv    | Entered an ice cave
 14387 | IceCv    | Noticed a reaper
 14393 | IceCv    | Killed a reaper
 15154 | Lair:4   | Found a staircase to the Snake Pit.
 15165 | Lair:4   | Reached skill level 10 in Throwing
 15555 | Lair:5   | Found a viscous altar of Jiyva.
 15556 | Lair:5   | Noticed an acid blob
 15557 | Lair:5   | Found a runed translucent door.
 15558 | Lair:5   | Found a staircase to the Slime Pits.
 15662 | Lair:5   | Reached XP level 14. HP: 149/149 MP: 19/19
 15856 | Lair:5   | Noticed Snorg
 15866 | Lair:5   | Killed Snorg
 16310 | Lair:6   | Entered Level 6 of the Lair of Beasts
 16942 | Lair:5   | Found a runed translucent door.
 16944 | Lair:5   | Found a viscous altar of Jiyva.
 16946 | Lair:5   | Found a staircase to the Slime Pits.
 18359 | Lair:6   | Found a runed translucent door.
 18694 | Lair:6   | Reached skill level 10 in Invocations
 19135 | Lair:6   | Reached XP level 15. HP: 158/158 MP: 21/21
 19229 | Lair:6   | Paralysed by a hornet for 3 turns
 19579 | D:12     | Found an opulent altar of Gozag.
 19582 | D:12     | Found Gozag's Platinum Reserve.
 19874 | D:12     | Found a portal to a secret trove of treasure.
 20340 | D:13     | Noticed Rupert
 20347 | D:13     | Killed Rupert
 20723 | D:13     | Noticed Erolcha
 20733 | D:13     | Killed Erolcha
 20881 | D:13     | Reached skill level 13 in Fighting
 20995 | D:13     | Found a gate to the Vaults.
 21083 | D:13     | Noticed Azrael
 21117 | D:13     | Killed Azrael
 21624 | D:13     | Noticed a tengu reaver
 21634 | D:13     | Killed a tengu reaver
 21649 | D:13     | Found the +5 scythe "Finisher" {speed, eviscerate}
 21889 | D:14     | Noticed a sphinx
 21893 | D:14     | Noticed a storm dragon
 21901 | D:14     | Killed a sphinx
 21910 | D:14     | Killed a storm dragon
 22116 | D:14     | Identified the ring of Zunk {*Corrode rF+ rN+ Dex+3}
 22543 | D:14     | Noticed a tengu reaver
 22545 | D:14     | Noticed a storm dragon
 22552 | D:14     | Killed a tengu reaver
 22562 | D:14     | Killed a storm dragon
 22697 | D:15     | Entered Level 15 of the Dungeon
 22719 | D:15     | Found a staircase to the Depths.
 22728 | D:15     | Reached XP level 16. HP: 163/171 MP: 23/23
 22991 | D:15     | Noticed Nessos
 23005 | D:15     | Killed Nessos
 23296 | D:15     | Reached skill level 14 in Fighting
 23424 | D:15     | Identified 4 scrolls of acquirement
 23469 | D:15     | Got faintly glowing storm dragon scales
 23480 | D:15     | Identified the +3 storm dragon scales of Debaomos {+Inv
                  | rElec} (You acquired it on level 15 of the Dungeon)
 24092 | Orc:1    | Entered Level 1 of the Orcish Mines
 24168 | Orc:1    | Found Salig's Armour Shop.
 24260 | Orc:1    | Found a transporter.
 24281 | Orc:1    | Noticed Alanuph's ghost (journeyman MfTm)
 24342 | Orc:1    | Found a transporter.
 24730 | Orc:1    | Killed Alanuph's ghost
 24805 | Orc:2    | Entered Level 2 of the Orcish Mines
 24815 | Orc:2    | Reached skill level 1 in Armour
 24864 | Orc:2    | Found a dark tunnel.
 24882 | Volcano  | Entered a volcano
 25343 | Orc:2    | Found a staircase to the Elven Halls.
 25639 | Orc:2    | Found Iveu's Food Shop.
 25639 | Orc:2    | Found Raxewyst's Gadget Emporium.
 25640 | Orc:2    | Found Qoip Yty's Gadget Emporium.
 25640 | Orc:2    | Found Mudoat's Assorted Antiques.
 25819 | Orc:2    | Gained mutation: Scrolls take you a little longer to read.
                  | [a neqoxec]
 25820 | Orc:2    | Found a roughly hewn altar of Beogh.
 25822 | Orc:2    | Gained mutation: You are dopey. (Int -2) [a neqoxec]
 26112 | Orc:2    | Bought a runed hat for 203 gold pieces
 26112 | Orc:2    | Bought a wand of iceblast (7) for 116 gold pieces
 26132 | Orc:2    | Lost mutation: Scrolls take you a little longer to read.
                  | [potion of mutation]
 26132 | Orc:2    | Lost mutation: You are dopey. (Int -2) [potion of mutation]
 26132 | Orc:2    | Gained mutation: Your mind is acute. (Int +2) [potion of
                  | mutation]
 26132 | Orc:2    | Gained mutation: Your system is resistant to poisons.
                  | (rPois) [potion of mutation]
 26132 | Orc:2    | Gained mutation: You are partially covered in large bone
                  | plates. (SH +4) [potion of mutation]
 26351 | Snake:1  | Entered Level 1 of the Snake Pit
 26351 | Snake:1  | Noticed Nikola
 26372 | Snake:1  | Killed Nikola
 26677 | Snake:1  | Reached skill level 5 in Dodging
 26977 | Snake:2  | Reached XP level 17. HP: 182/182 MP: 25/25
 27224 | Snake:2  | Noticed Aizul
 27238 | Snake:2  | Killed Aizul
 27571 | Snake:2  | Found Igud's Antique Weapon Emporium.
 27677 | Snake:2  | Reached skill level 15 in Unarmed Combat
 28035 | Snake:3  | Noticed Bai Suzhen
 28048 | Snake:3  | Killed Bai Suzhen
 28048 | Snake:3  | Reached skill level 5 in Armour
 29022 | Snake:4  | Entered Level 4 of the Snake Pit
 29182 | Snake:4  | Reached skill level 15 in Fighting
 30574 | Snake:4  | Reached XP level 18. HP: 193/193 MP: 27/27
 31141 | Snake:4  | Got a serpentine rune of Zot
 31450 | Shoals:1 | Entered Level 1 of the Shoals
 32344 | Shoals:2 | Noticed Kirke
 32361 | Shoals:2 | Killed Kirke
 32733 | Shoals:2 | Reached skill level 10 in Shields
 32799 | Shoals:2 | Found Nyrph's Food Boutique.
 33248 | Shoals:3 | Found Ciani's Commerce Corner.
 33410 | Shoals:3 | Noticed Polyphemus
 33444 | Shoals:3 | Killed Polyphemus
 33874 | Shoals:4 | Entered Level 4 of the Shoals
 33885 | Shoals:4 | Reached skill level 16 in Fighting
 34026 | Shoals:4 | Reached XP level 19. HP: 204/204 MP: 29/29
 34074 | Shoals:4 | Found Kidgh's Mayhem Merchandise.
 34333 | Shoals:4 | Reached skill level 15 in Invocations
 35256 | Shoals:4 | Got a barnacled rune of Zot
 35713 | Vaults:1 | Entered Level 1 of the Vaults
 37197 | Vaults:1 | Reached skill level 17 in Fighting
 37479 | Vaults:2 | Lost intelligence.
 38510 | Vaults:2 | Reached XP level 20. HP: 221/221 MP: 30/30
 38900 | Vaults:2 | Reached skill level 18 in Fighting
 39000 | Vaults:2 | Noticed Margery
 39020 | Vaults:2 | Killed from afar by Margery

Levels and vault maps discovered:
D:1:      lightli_arrival_statuegarden, layout_basic
D:2:      layout_basic, hex_large
D:3:      layout_loops_ring, nicolae_overflow_hidden_temple, minmay_starry_boxes
D:4:      layout_loops_cross, okawaru_altar_gauntlet_db,
          minmay_temple_entry_drinking_statues, serial_shops, shop
D:5:      layout_gridville, nicolae_overflow_crystal_walls, elyvilon_altar_4,
          nicolae_dithmenos_shadow_blocks, first_ration, serial_shops,
          nicolae_shop_waterfront, shop, shop_fountains, gup_sewer_entry_glass,
          xom_confusion_cloud, uniq_grinder
D:6:      kennysheep_windowed_halls, layout_basic, chequers_avenue,
          minmay_lizard_king, uniq_prince_ribbit1
D:7:      minmay_cornered_nines, layout_gridville, bloody_trog, basic_altar,
          nicolae_sextant, grunt_ogre_cave, uniq_menkaure
D:8:      layout_cave_pools, kennysheep_mini, lemuel_round_altar,
          lair_entry_dummy, minivault_29
D:9:      layout_basic, overflow_temple_1_default,
          gammafunk_temple_overflow_claw, minmay_three_doors
D:10:     layout_roguey, minmay_misc_feat_ornament
D:11:     layout_stronghold, kennysheep_orc_monster_closet_entryway,
          serial_shops, nicolae_shop_trees, nicolae_wwwww
D:12:     layout_small_grid, nicolae_trove_entry_crystal,
          nicolae_gozag_zags_fifth_avenue
D:13:     layout_stronghold, hangedman_vaults_entry_quadrant_bands,
          minmay_checkered_concentric_circles, uniq_rupert, uniq_azrael,
          uniq_erolcha
D:14:     layout_loops_ring, minmay_diamond_spiral
D:15:     grunt_enter_depths_snipers, layout_gridville, minivault_11,
          uniq_nessos
Temple:   jpeg_temple_alley_garden
Lair:1:   layout_hall_layers, infiniplex_staircase_pool, uniq_gastronok,
          uniq_sonja
Lair:2:   layout_chaotic_city, gauntlet_entry_generic
Lair:3:   layout_regular_city, minmay_shoals_entry_lonely_mermaid,
          serial_forest, infiniplex_forest_clump_medium,
          infiniplex_forest_end_2, infiniplex_forest_split,
          infiniplex_forest_clump_cross, infiniplex_forest_lined_3,
          minmay_lair_oklob_chamber
Lair:4:   layout_regular_city, minmay_snake_entry_guardpost_large,
          portal_ice_cave_entry_imps, grunt_megastairs_2
Lair:5:   layout_loops_ring, slime_altar_2, lemuel_fruit_tree,
          serial_bayou_shore_a, lemuel_fruit_fields, uniq_snorg
Lair:6:   hangedman_lair_tendril_chambers, layout_long_grid, wormcave,
          special_room [special_room_mythical_zoo], st_stairs_7,
          hibernation_bobbens, serial_bayou_shore_b
Shoals:1: layout_shoals
Shoals:2: layout_shoals, serial_shops, nicolae_shop_crystal, uniq_kirke
Shoals:3: layout_shoals, nicolae_alphabet_shops, uniq_polyphemus
Shoals:4: shoals_end_grunt_ice, layout_shoals, minmay_shop_mayhem
Snake:1:  layout_rooms, uniq_nikola
Snake:2:  layout_basic, serial_shops, nicolae_shop_overgrown_old_shop,
          uniq_aizul
Snake:3:  layout_rooms, grunt_megastairs_3, uniq_bai_suzhen
Snake:4:  minmay_snake_end_coiled, layout_onion
Orc:1:    layout_caves, gammafunk_ghost_berserking_beasts, serial_shops, shop,
          nicolae_orc_pool_cavern
Orc:2:    st_orc_ogre_mass, layout_caves, nicolae_volcano_entry_s_turn,
          bh_open_orc_temple
Vaults:1: dpeg_vaults_monster_row, grunt_vaults_trifunnel,
          nicolae_vaults_ninety_degrees, hangedman_vaults_stream, v_misc_10,
          v_misc_26, v_alt_pattern_1, v_misc_8, nicolae_vaults_an_arrangement,
          nicolae_vaults_shelves_hall, vaults_room_stairs_pillars,
          ontoclasm_vaults_idyll, layout_vaults_ring
Vaults:2: ontoclasm_vaults_loading_screen, vaults_room_hallway, kb_rosetta,
          nicolae_vaults_border_crossing, vaults_dpeg_doors,
          nicolae_vaults_theta, hangedman_vaults_locks,
          nicolae_vaults_windows_and_doors_thing, v_misc_19, v_rooms_5,
          v_misc_2, vaults_dpeg_ring, vaults_room_boxed, v_misc_15,
          nicolae_vaults_little_squares_2, v_misc_24, layout_vaults_maze,
          uniq_margery

Skill      XL: |  1  2  3  4  5  6  7  8  9 10 11 12 13 14 15 16 17 18 19 20 |
---------------+-------------------------------------------------------------+-----
Fighting       | 2 3 4 5 7 10 11 12 13 14 15 16 17 18 | 18.0
Unarmed Combat | 1 2 3 4 5 6 8 10 11 12 14 15 16 | 16.0
Dodging        | 2 5 |  5.0
Throwing       | 4 6 7 10 | 10.0
Invocations    | 1 3 5 7 8 10 11 12 13 14 15 | 15.0
Shields        | 4 7 9 10 12 | 12.0
Armour         | 3 6 |  6.0
Stealth        | |  0.3

Action                   |  1- 3 |  4- 6 |  7- 9 | 10-12 | 13-15 | 16-18 | 19-21 || total
-------------------------+-------+-------+-------+-------+-------+-------+-------++-------
Melee: Unarmed           |    74 |   223 |   292 |   594 |  1158 |  1635 |   694 ||  4670
       Punch             |       |       |     7 |    29 |       |       |       ||    36
Throw: Large rock        |     2 |       |    12 |    18 |    54 |    23 |     3 ||   112
       Throwing net      |       |       |       |     2 |       |       |       ||     2
       Dart              |       |       |       |       |    39 |       |       ||    39
Invok: Lesser Servant of |       |       |       |       |     9 |     1 |       ||    10
       Greater Servant o |       |       |       |       |     1 |     3 |     1 ||     5
       Major Destruction |       |       |       |       |       |     1 |       ||     1
 Abil: Evoke Berserk Rag |       |       |       |     1 |       |       |       ||     1
  Use: Scroll            |       |       |     8 |     6 |    10 |    13 |     1 ||    38
       Potion            |       |       |     4 |       |     4 |     6 |     4 ||    18
 Stab: Sleeping          |     1 |       |     1 |     2 |     1 |       |       ||     5
       Held in net/web   |       |       |       |     1 |       |       |       ||     1
       Petrified         |       |       |       |       |     4 |    15 |       ||    19
       Distracted        |       |       |       |       |     1 |     1 |       ||     2
  Eat: Chunk             |    13 |    26 |    25 |    53 |   106 |    94 |    50 ||   367
       Ration            |       |       |       |       |     1 |     4 |       ||     5
Armor: Robe              |    29 |    59 |    89 |   151 |   233 |    18 |       ||   579
       Storm dragon scal |       |       |       |       |       |   433 |   163 ||   596
Dodge: Dodged            |    27 |   135 |   211 |   429 |   569 |   623 |   183 ||  2177
       Deflected         |       |       |       |       |       |   113 |    19 ||   132
Block: Shield            |       |       |       |    47 |   590 |   720 |       ||  1357
       Large shield      |       |       |       |       |       |   738 |   771 ||  1509
